 Dungeon Crawl Stone Soup version 0.28.0-43-g3370ac3207 (webtiles) character file.

Game seed: 1942617410545923884

65 sizableburger the Vexing (level 4, -9/39 HPs)
             Began as an Ogre Enchanter on Mar 10, 2022.
             Was a Follower of Uskayaw.
             Mangled by a gnoll
             ... wielding a +2 halberd of venom
              (13 damage)
             ... on level 3 of the Dungeon.
             The game lasted 00:05:03 (2464 turns).

sizableburger the Vexing (Ogre Enchanter)           Turns: 2464, Time: 00:05:04

Health: -9/39      AC:  3    Str: 12    XL:     4   Next: 13%
Magic:  1/7        EV: 10    Int: 16    God:    Uskayaw [*.....]
Gold:   112        SH:  0    Dex: 11    Spells: 2/7 levels left

rFire   . . .      SeeInvis .   o - +2 dagger (drain)
rCold   . . .      Faith    .   (no shield)
rNeg    . . .      Spirit   .   b - +0 robe
rPois   .          Reflect  .   (helmet restricted)
rElec   .          Harm     .   (no cloak)
rCorr   .          Rampage  .   (gloves unavailable)
Will    +....                   (boots unavailable)
Stlth   ++........              (no amulet)
HPRegen 0.13/turn               n - ring of willpower
MPRegen 0.10/turn               (no ring)

@: lethally poisoned (-9 -> -16)
A: large, unfitting armour, tough skin 1
a: Renounce Religion, Stomp


You were on level 3 of the Dungeon.
You worshipped Uskayaw.
Uskayaw was noncommittal.
You visited 1 branch of the dungeon, and saw 3 of its levels.

You collected 112 gold pieces.

Inventory:

Hand Weapons
 o - a +2 dagger of draining (weapon)
Missiles
 m - 2 poisoned darts
Armour
 b - a +0 robe (worn)
Jewellery
 n - a ring of willpower (left hand)
Scrolls
 a - a scroll of noise {unknown}
 d - 3 scrolls of identify {unknown}
 h - 2 scrolls of teleportation {unknown}
 i - a scroll of magic mapping {unknown}
 j - a scroll of enchant weapon {unknown}
 k - 2 scrolls of brand weapon {unknown}
Potions
 c - a potion of invisibility
 e - 2 potions of degeneration {unknown}
 f - a potion of heal wounds {unknown}
 g - a potion of curing {unknown}
 l - a potion of might {unknown}
 p - a potion of magic {unknown}


   Skills:
 + Level 2.2 Short Blades
 - Level 1.7 Dodging
 + Level 2.6 Stealth
 - Level 2.4 Spellcasting
 + Level 3.1 Hexes
 - Level 1.1 Ice Magic


You had 2 spell levels left.
You knew the following spells:

 Your Spells              Type           Power      Damage    Failure   Level
a - Ensorcelled Hibernat  Hex/Ice        16%        N/A       13%         2
b - Confusing Touch       Hex            11%        N/A       17%         3

Your spell library contained the following spells:

 Spells                   Type           Power      Damage    Failure   Level
 Tukima's Dance           Hex            11%        N/A       17%         3
 Dazzling Flash           Conj/Hex       12%        N/A       32%         3


Dungeon Overview and Level Annotations

Branches:
Dungeon (3/15)

Altars:
Uskayaw

Shops:
D:1 (


Innate Abilities, Weirdness & Mutations

You are too large for most types of armour.
You have tough skin. (AC +1)


Message History

Confirm with . or Enter, or press ? or * to list all spells.
Aiming: Ensorcelled Hibernation (safe; 13% risk of failure)
Press: ? - help, Shift-Dir - straight line, f - gnoll
Aim: a gnoll, wielding a +0 spear and quivering a throwing net (chance to affect: 50%)
Okay, then.
The gnoll throws a throwing net.
The throwing net closely misses you.
The gnoll hits you from afar with a +0 spear!
Casting: Ensorcelled Hibernation (safe; 13% risk of failure)
Confirm with . or Enter, or press ? or * to list all spells.
Aiming: Ensorcelled Hibernation (safe; 13% risk of failure)
Press: ? - help, Shift-Dir - straight line, f - gnoll
Aim: a gnoll, wielding a +0 spear (chance to affect: 50%)
The gnoll resists with some effort.
The gnoll hits you from afar with a +0 spear.
Casting: Ensorcelled Hibernation (safe; 13% risk of failure)
Confirm with . or Enter, or press ? or * to list all spells.
Aiming: Ensorcelled Hibernation (safe; 13% risk of failure)
Press: ? - help, Shift-Dir - straight line, f/p - gnoll
Aim: a gnoll, wielding a +0 spear (chance to affect: 50%)
The gnoll resists with some effort.
The gnoll hits you from afar with a +0 spear.
Casting: Ensorcelled Hibernation (safe; 13% risk of failure)
Confirm with . or Enter, or press ? or * to list all spells.
Aiming: Ensorcelled Hibernation (safe; 13% risk of failure)
Press: ? - help, Shift-Dir - straight line, f/p - gnoll
Aim: a gnoll, wielding a +0 spear (chance to affect: 50%)
The gnoll looks drowsy...
Unknown command.
The gnoll hits you from afar with a +2 halberd of venom!
* * * LOW HITPOINT WARNING * * *
You are lethally poisoned!
The gnoll shouts!
You hit the gnoll. You drain the gnoll.
The gnoll is heavily wounded.
* * * LOW HITPOINT WARNING * * *
You feel very sick. The gnoll hits you with a +0 spear.
* * * LOW HITPOINT WARNING * * *
The gnoll hits you from afar with a +2 halberd of venom!
You die...

##.#.........##....#######
#.#.........###.........#
#...<.......###.....g...#
##......................#
#.......................
#..........###..........
##.#######.# #.........#
#.....###.###.......>.#
#.....@gg..............
#....[###.######.......
#.(<..# #.# #.#####.
####### #.# #.# #. #.# #.#
#.. #.. ... ...# #.. #..
## ..# ..


You could see 2 gnolls.

Vanquished Creatures
  A gnoll (D:3)
  An adder (D:2)
  An adder skeleton (D:2)
  2 dart slugs (D:1)
  3 orcs
  3 bats
  4 endoplasms
  A giant cockroach (D:1)
  2 goblins (D:2)
  3 hobgoblins
  3 kobolds (D:2)
  A quokka (D:2)
  5 ball pythons
  A frilled lizard (D:1)
  4 rats
35 creatures vanquished.

Notes
Turn   | Place    | Note
-------+----------+-------------------------------------------
     0 | D:1      | sizableburger the Ogre Enchanter began the quest for the
                  | Orb.
     0 | D:1      | Reached XP level 1. HP: 16/16 MP: 3/3
     8 | D:1      | Found Epim's Weapon Shoppe.
    15 | D:1      | Reached skill level 1 in Short Blades
   259 | D:1      | Reached skill level 3 in Hexes
   259 | D:1      | Reached XP level 2. HP: 19/24 MP: 5/5
   262 | D:1      | Learned a level 2 spell: Ensorcelled Hibernation
   344 | D:1      | Found a faded altar of an unknown god.
  1244 | D:2      | Reached XP level 3. HP: 22/31 MP: 1/6
  1712 | D:2      | Reached skill level 1 in Ice Magic
  2098 | D:3      | Learned a level 3 spell: Confusing Touch
  2315 | D:3      | Found a hide-covered altar of Uskayaw.
  2323 | D:3      | Became a worshipper of Uskayaw the Reveller
  2393 | D:3      | Reached * piety under Uskayaw
  2394 | D:3      | Reached XP level 4. HP: 39/39 MP: 4/7
  2464 | D:3      | Mangled by a gnoll

Illustrated notes

Levels and vault maps discovered:
D:1:      dpeg_arrival_rhombus, layout_loops_ring, serial_shops,
          nicolae_shop_waterfront, hellmonk_ecumenical_altar_blasted,
          minmay_misc_feat_room
D:2:      layout_rooms, minmay_between
D:3:      layout_rooms, nicolae_uskayaw_murder_on_the_dancefloor

Skill      XL: |  1  2  3 |
---------------+----------+-----
Short Blades   | 1 2 |  2.2
Hexes          | 3 |  3.1
Ice Magic      | 1 |  1.1
Dodging        | |  1.7
Stealth        | |  2.6
Spellcasting   | |  2.4

Action                   |  1- 3 |  4- 6 || total
-------------------------+-------+-------++-------
Melee: Dagger            |   116 |     2 ||   118
       Punch             |     1 |       ||     1
Throw: Dart              |     1 |       ||     1
 Cast: Ensorcelled Hiber |    17 |     4 ||    21
 Stab: Sleeping          |     9 |     1 ||    10
Armor: Robe              |    29 |       ||    29
Dodge: Dodged            |    50 |     3 ||    53
